 Dungeon Crawl Stone Soup version 0.21-a0-2-ge494091 (webtiles) character file.

126 sveltemanboy the Skirmisher (level 4, 0/37 HPs)
             Began as a Demonspawn Monk on May 22, 2017.
             Slain by Prince Ribbit (8 damage)
             ... on level 6 of the Dungeon.
             The game lasted 00:04:31 (2311 turns).

sveltemanboy the Skirmisher (Demonspawn Monk)       Turns: 2311, Time: 00:04:31

Health: 0/37       AC:  7    Str: 12    XL:     4   Next: 83%
Magic:  4/4        EV: 11    Int: 13    God:
Gold:   134        SH:  0    Dex: 16    Spells: 3/3 levels left

rFire    . . .     SeeInvis .   a - +0 falchion
rCold    . . .     Gourm    .   (no shield)
rNeg     . . .     Faith    .   j - +0 scale mail
rPois    .         Spirit   .   g - +0 helmet
rElec    .         Reflect  .   (no cloak)
rCorr    .         Harm     .   (no gloves)
MR       .....     Rnd*Tele +   (no boots)
Stlth    ++........             (no amulet)
Regen    0.2/turn               d - ring of teleportation (curse)
MPRegen  0.1/turn               n - ring of stealth

@: flying, hasted, very quick
A: claws 1, blink, clever 1, MP-powered wands, sturdy frame 1
a: Blink


You were on level 6 of the Dungeon.
You were hungry.

You visited 1 branch of the dungeon, and saw 4 of its levels.

You collected 134 gold pieces.

Inventory:

Hand Weapons
 a - a +0 falchion (weapon)
Armour
 g - a +0 helmet (worn)
 j - a +0 scale mail (worn)
Jewellery
 d - a cursed ring of teleportation (left claw)
 n - a ring of stealth (right claw)
Scrolls
 i - a scroll of amnesia
Comestibles
 c - 2 bread rations
 l - 6 fruits


   Skills:
 + Level 4.0 Fighting
 - Level 2.9 Long Blades
 + Level 2.8 Armour
 - Level 3.0 Dodging
 - Level 1.7 Stealth


You had 3 spell levels left.
You didn't know any spells.

Dungeon Overview and Level Annotations

Branches:
Dungeon (3/15)

Altars:
Elyvilon
Kikubaaqudgha
Nemelex Xobeh
Ru

Annotations:
D:6 Prince Ribbit


Innate Abilities, Weirdness & Mutations

You have sharp fingernails.
Your movements are slightly less encumbered by armour. (ER -2)
You can translocate small distances at will.
Your mind is acute. (Int +2)
You expend magic power (3 MP) to strengthen your wands.


Message History

Prince Ribbit hits you!
You miss Prince Ribbit.
Prince Ribbit is lightly wounded.
Prince Ribbit hits you.
* * * LOW HITPOINT WARNING * * *
You barely miss Prince Ribbit.
Prince Ribbit is lightly wounded.
Prince Ribbit misses you.
It was a potion of curing.
You feel better. Prince Ribbit hits you!
* * * LOW HITPOINT WARNING * * *
You feel better.
Prince Ribbit hits you but does no damage.
You hit Prince Ribbit.
Prince Ribbit is lightly wounded.
Prince Ribbit blinks!
It was a potion of flight.
You feel very buoyant.
You fly up into the air.
Prince Ribbit hits you!
You die...

#>..........(......#####.#.....
.................###...[.W.##.##.
###########..........#.###.##F##.
#.####.#####.# #§##.##.
###.####.....#.###.##.##.
........######........##.
###.###.# #.#####.§##. #.....####
#.. ##.##. #####F@..# #.. #..W.
###### ####. #. .. ### ## ... ...
...


You could see Prince Ribbit.

Vanquished Creatures
  A hound (D:6)
  A worker ant (D:6)
  An adder (D:6)
  2 oozes (D:1)
  3 dart slugs
  2 leopard geckos (D:1)
  An orc (D:6)
  2 ball pythons
  4 bats
  A giant cockroach (D:1)
  6 goblins
  6 hobgoblins
  5 kobolds
  2 frilled lizards
  7 rats
44 creatures vanquished.

Notes
Turn   | Place    | Note
-------+----------+-------------------------------------------
     0 | D:1      | sveltemanboy the Demonspawn Monk began the quest for the Orb.
     0 | D:1      | Reached XP level 1. HP: 18/18 MP: 1/1
   239 | D:1      | Reached skill level 1 in Armour
   239 | D:1      | Gained mutation: You have sharp fingernails. [demonic ancestry]
   239 | D:1      | Reached XP level 2. HP: 18/24 MP: 2/2
   714 | D:1      | Reached XP level 3. HP: 27/29 MP: 3/3
  1287 | D:2      | Found an ancient bone altar of Kikubaaqudgha.
  1391 | D:2      | Found a sparkling altar of Nemelex Xobeh.
  1494 | D:2      | Found a sacrificial altar of Ru.
  1888 | D:3      | Found a white marble altar of Elyvilon.
  1922 | D:3      | You fall through a shaft for 3 floors!
  1935 | D:6      | Gained mutation: Your movements are slightly less encumbered by armour. (ER -2) [demonic ancestry]
  1935 | D:6      | Reached XP level 4. HP: 25/36 MP: 4/4
  2198 | D:6      | Noticed a bullfrog
  2220 | D:6      | Noticed a phantom
  2226 | D:6      | Noticed Prince Ribbit
  2281 | D:6      | Reached skill level 4 in Fighting
  2301 | D:6      | Gained mutation: You expend magic power (3 MP) to strengthen your wands. [potion of mutation]
  2301 | D:6      | Gained mutation: Your mind is acute. (Int +2) [potion of mutation]
  2301 | D:6      | Gained mutation: You can translocate small distances at will. [potion of mutation]
  2311 | D:6      | Slain by Prince Ribbit

Vault maps used:
D:1:      onia_arrival_mini_maze, grunt_decor_mini_mirrors, minmay_tetromino_o4
D:2:      lemuel_round_altar, nicolae_ru_path_of_blood, lemuel_crystal_altar,
          first_bread
D:3:      old_standard_altar, uniq_sigmund
D:6:      cheibrodos_ashenzari_chains, minmay_misc_feat_encased,
          uniq_prince_ribbit1

Skill      XL: |  1  2  3  4 |
---------------+-------------+-----
Armour         | 1 2 |  2.8
Dodging        | 3 |  3.0
Fighting       | 4 |  4.0
Long Blades    | |  2.9
Stealth        | |  1.7

Action                   |  1- 3 |  4- 6 || total
-------------------------+-------+-------++-------
Melee: Falchion          |   138 |    18 ||   156
  Use: Scroll            |     2 |     2 ||     4
       Potion            |       |     5 ||     5
 Stab: Sleeping          |     1 |       ||     1
  Eat: Chunk             |     3 |     1 ||     4
Armor: Robe              |     5 |       ||     5
       Scale mail        |    39 |    15 ||    54
Dodge: Dodged            |    75 |    16 ||    91
       Rpst.: Falchion   |    29 |     4 ||    33
